Rei vs F3rig

Match 19342958
End
Selects Airborne Battlegroup
Selects Pathfinders
Pathfinder Squad
Construct Barracks
Riflemen Squad
Riflemen Squad
Riflemen Squad
Infantry Support Center
Construct Medical Station
Selects Paratrooper Squad Paradrop
Construct Motor Pool
M8 Greyhound Armored Car
M1 Mortar Team
M1 Anti-tank Gun Team
M24 Chaffee Light Tank
Selects Smoke Bombing Run
Selects Supply Drop
Riflemen Squad
M1918 Browning Automatic Rifles
Engineer Squad
M1 Anti-tank Gun Team
Construct Tank Depot
Selects Carpet Bombing Run
Supply Drop
M4(105) Sherman Bulldozer
Engineer Squad
Advanced Logistics
Supply Drop
Construct Medical Station
Carpet Bombing Run
AI Takeover
F3riG
Rei
0
0

Comments sign in to comment!

No comments posted yet!